[ AOE2 MATCH · #505970081 ]
UnrankedJapanese vs Malians
Player's team · WIN
Rival team · LOSS
[ REPLAY ANALYSIS · EXTRACTED FROM THE RECORDED GAME ]
Feudal
10:07
Castle
13:49
Imperial
25:46
| APM avg | 61.3 |
| APM peak | 84 |
| eAPM avg | 26.0 |
| Villagers / military | 170 / 181 |
Focus
⚔️ 36.0% · 🌾 64.0%
Cavalry Archer ×93 · Spearman ×69 · Trebuchet (Packed) ×11 · Archer ×8
Feudal
10:18
Castle
13:46
Imperial
25:06
| APM avg | 51.6 |
| APM peak | 74 |
| eAPM avg | 23.7 |
| Villagers / military | 169 / 98 |
Focus
⚔️ 30.8% · 🌾 69.2%
Knight ×56 · Gbeto ×27 · Scorpion ×9 · Trebuchet (Packed) ×5 · Scout Cavalry ×1
Match map
Initial resources + every placement click. Lines = walls · curves = elevation contours. ◆ gold · ⬟ stone · ● berries · ✦ relic · ◌ wall gap
Your base· Open — unwalled flank
Trundle the Great's base· Open — unwalled flank
Smoothed initial terrain · ◌ = detected wall gap · hover for details
Inputs per minute
— ilovebaskets - - Trundle the Great
Build order — ilovebaskets
First 150 of 485 actions detected
| 0:01 | Create | Villager (Male) |
| 0:01 | Create | Villager (Male) |
| 0:02 | Create | Villager (Male) |
| 0:02 | Create | Villager (Male) |
| 0:02 | Build | House |
| 0:03 | Build | House |
| 0:08 | Build | House |
| 0:09 | Build | House |
| 0:53 | Create | Villager (Male) |
| 1:22 | Create | Villager (Male) |
| 1:22 | Create | Villager (Male) |
| 1:35 | Create | Villager (Male) |
| 1:46 | Build | Mill |
| 1:51 | Create | Villager (Male) |
| 1:52 | Create | Villager (Male) |
| 1:52 | Create | Villager (Male) |
| 2:17 | Create | Villager (Male) |
| 2:27 | Create | Villager (Male) |
| 2:35 | Build | Lumber Camp |
| 2:47 | Create | Villager (Male) |
| 2:47 | Create | Villager (Male) |
| 2:57 | Create | Villager (Male) |
| 2:57 | Create | Villager (Male) |
| 3:11 | Create | Villager (Male) |
| 3:11 | Create | Villager (Male) |
| 3:17 | Create | Villager (Male) |
| 3:17 | Create | Villager (Male) |
| 3:26 | Build | House |
| 3:39 | Create | Villager (Male) |
| 3:40 | Create | Villager (Male) |
| 3:43 | Create | Villager (Male) |
| 3:52 | Create | Villager (Male) |
| 3:52 | Create | Villager (Male) |
| 4:10 | Build | House |
| 4:10 | Build | House |
| 4:23 | Build | Mill |
| 4:30 | Create | Villager (Male) |
| 4:31 | Create | Villager (Male) |
| 4:47 | Create | Villager (Male) |
| 4:47 | Create | Villager (Male) |
| 4:47 | Create | Villager (Male) |
| 4:58 | Build | Mill |
| 5:03 | Create | Villager (Male) |
| 5:13 | Build | House |
| 5:15 | Build | House |
| 5:20 | Create | Villager (Male) |
| 5:21 | Create | Villager (Male) |
| 5:41 | Create | Villager (Male) |
| 5:51 | Build | Lumber Camp |
| 5:54 | Create | Villager (Male) |
| 6:03 | Create | Villager (Male) |
| 6:18 | Build | Farm |
| 6:24 | Create | Villager (Male) |
| 6:40 | Create | Villager (Male) |
| 6:42 | Build | Farm |
| 6:55 | Create | Villager (Male) |
| 7:03 | Create | Villager (Male) |
| 7:09 | Build | Mill |
| 7:13 | Build | Farm |
| 7:15 | Create | Villager (Male) |
| 7:31 | Research | Feudal Age |
| 7:34 | Build | Farm |
| 7:40 | Create | Villager (Male) |
| 7:44 | Build | Mining Camp |
| 7:54 | Create | Villager (Male) |
| 7:58 | Create | Villager (Male) |
| 7:58 | Create | Villager (Male) |
| 8:19 | Build | House |
| 8:21 | Create | Villager (Male) |
| 8:22 | Create | Villager (Male) |
| 8:22 | Create | Villager (Male) |
| 8:23 | Create | Villager (Male) |
| 8:23 | Create | Villager (Male) |
| 8:23 | Create | Villager (Male) |
| 8:30 | Build | Barracks |
| 8:35 | Build | Farm |
| 8:47 | Build | Farm |
| 8:59 | Build | House |
| 9:23 | Build | Farm |
| 10:07 | Age | Feudal Age |
| 10:13 | Build | Archery Range |
| 10:14 | Build | Blacksmith |
| 10:21 | Build | Farm |
| 10:23 | Research | Double-Bit Axe |
| 10:23 | Research | Double-Bit Axe |
| 10:37 | Build | Mining Camp |
| 10:42 | Build | Farm |
| 10:43 | Research | Horse Collar |
| 10:43 | Research | Horse Collar |
| 10:47 | Build | Mining Camp |
| 10:58 | Create | Villager (Male) |
| 10:59 | Create | Villager (Male) |
| 11:06 | Research | Castle Age |
| 11:06 | Research | Castle Age |
| 11:09 | Research | Castle Age |
| 11:09 | Research | Castle Age |
| 11:10 | Research | Loom |
| 11:13 | Build | Archery Range |
| 11:16 | Research | Fletching |
| 11:16 | Research | Fletching |
| 11:17 | Create | Archer |
| 11:17 | Create | Archer |
| 11:20 | Create | Villager (Male) |
| 11:33 | Build | Palisade Wall |
| 11:43 | Build | Archery Range |
| 11:52 | Build | Farm |
| 11:53 | Build | Farm |
| 11:55 | Create | Archer |
| 12:07 | Build | Farm |
| 12:08 | Build | Farm |
| 12:10 | Build | Farm |
| 12:15 | Create | Villager (Male) |
| 12:18 | Create | Archer |
| 12:37 | Build | Farm |
| 12:38 | Build | Farm |
| 12:39 | Create | Villager (Male) |
| 12:39 | Create | Villager (Male) |
| 12:39 | Create | Archer |
| 12:40 | Create | Archer |
| 12:42 | Build | House |
| 12:43 | Build | House |
| 12:45 | Build | House |
| 12:46 | Build | House |
| 12:49 | Research | Wheelbarrow |
| 12:49 | Research | Town Watch |
| 12:55 | Build | Farm |
| 12:56 | Create | Villager (Male) |
| 12:59 | Create | Archer |
| 12:59 | Create | Archer |
| 13:05 | Build | House |
| 13:06 | Build | House |
| 13:07 | Build | House |
| 13:15 | Research | Gold Mining |
| 13:15 | Research | Gold Mining |
| 13:19 | Create | Villager (Male) |
| 13:27 | Create | Spearman |
| 13:27 | Create | Spearman |
| 13:27 | Create | Spearman |
| 13:30 | Build | House |
| 13:46 | Create | Villager (Male) |
| 13:49 | Age | Castle Age |
| 13:52 | Create | Cavalry Archer |
| 13:53 | Create | Cavalry Archer |
| 13:53 | Create | Cavalry Archer |
| 13:53 | Create | Cavalry Archer |
| 14:04 | Research | Bodkin Arrow |
| 14:07 | Build | House |
| 14:21 | Create | Villager (Male) |
| 14:22 | Create | Cavalry Archer |
| 14:46 | Create | Villager (Male) |
Build order — Trundle the Great
First 150 of 420 actions detected
| 0:00 | Create | Villager (Male) |
| 0:01 | Create | Villager (Male) |
| 0:02 | Build | House |
| 0:04 | Build | House |
| 0:06 | Research | Loom |
| 0:06 | Create | Villager (Male) |
| 0:37 | Create | Villager (Male) |
| 1:02 | Build | Lumber Camp |
| 1:08 | Create | Villager (Male) |
| 1:08 | Create | Villager (Male) |
| 1:24 | Build | House |
| 1:25 | Build | House |
| 1:37 | Create | Villager (Male) |
| 2:02 | Create | Villager (Male) |
| 2:02 | Create | Villager (Male) |
| 2:17 | Create | Villager (Male) |
| 2:42 | Create | Villager (Male) |
| 2:42 | Create | Villager (Male) |
| 3:06 | Create | Villager (Male) |
| 3:20 | Create | Villager (Male) |
| 3:20 | Create | Villager (Male) |
| 3:27 | Build | House |
| 3:28 | Build | House |
| 3:46 | Create | Villager (Male) |
| 3:47 | Create | Villager (Male) |
| 3:54 | Build | Lumber Camp |
| 4:20 | Create | Villager (Male) |
| 4:25 | Build | House |
| 4:26 | Build | House |
| 4:33 | Create | Villager (Male) |
| 4:33 | Create | Villager (Male) |
| 4:57 | Create | Villager (Male) |
| 5:00 | Build | Mill |
| 5:13 | Create | Villager (Male) |
| 5:14 | Create | Villager (Male) |
| 5:33 | Create | Villager (Male) |
| 5:34 | Create | Villager (Male) |
| 5:49 | Create | Villager (Male) |
| 5:49 | Create | Villager (Male) |
| 6:00 | Build | Farm |
| 6:08 | Build | Farm |
| 6:09 | Build | Farm |
| 6:09 | Build | Farm |
| 6:10 | Build | Farm |
| 6:11 | Build | Farm |
| 6:12 | Create | Villager (Male) |
| 6:23 | Create | Villager (Male) |
| 6:23 | Create | Villager (Male) |
| 6:31 | Build | Farm |
| 6:34 | Build | Farm |
| 6:41 | Create | Villager (Male) |
| 6:42 | Create | Villager (Male) |
| 6:55 | Create | Villager (Male) |
| 6:55 | Create | Villager (Male) |
| 7:05 | Build | House |
| 7:06 | Build | House |
| 7:28 | Build | Mining Camp |
| 7:37 | Create | Villager (Male) |
| 7:37 | Create | Villager (Male) |
| 7:45 | Build | Farm |
| 7:46 | Build | Farm |
| 7:48 | Build | Farm |
| 7:57 | Research | Feudal Age |
| 8:00 | Build | Farm |
| 8:02 | Build | Farm |
| 8:07 | Build | House |
| 8:12 | Create | Villager (Male) |
| 8:22 | Build | Farm |
| 8:43 | Create | Villager (Male) |
| 8:43 | Create | Villager (Male) |
| 8:46 | Build | Mining Camp |
| 9:31 | Create | Villager (Male) |
| 9:41 | Create | Villager (Male) |
| 9:52 | Build | Farm |
| 9:54 | Build | Farm |
| 10:03 | Create | Villager (Male) |
| 10:06 | Create | Villager (Male) |
| 10:18 | Age | Feudal Age |
| 10:20 | Build | Market |
| 10:22 | Build | Blacksmith |
| 10:32 | Create | Villager (Male) |
| 10:35 | Build | Farm |
| 11:06 | Research | Castle Age |
| 11:08 | Create | Villager (Male) |
| 11:20 | Build | Farm |
| 11:23 | Build | Farm |
| 11:23 | Build | Farm |
| 11:32 | Build | Farm |
| 11:33 | Build | Farm |
| 11:35 | Research | Double-Bit Axe |
| 11:36 | Create | Villager (Male) |
| 11:39 | Research | Horse Collar |
| 11:42 | Build | Farm |
| 11:50 | Build | Mining Camp |
| 12:01 | Create | Villager (Male) |
| 12:02 | Build | Barracks |
| 12:28 | Create | Villager (Male) |
| 12:34 | Research | Scale Barding Armor |
| 12:50 | Create | Villager (Male) |
| 12:51 | Research | Wheelbarrow |
| 13:08 | Build | House |
| 13:09 | Build | House |
| 13:10 | Build | House |
| 13:11 | Build | House |
| 13:42 | Create | Villager (Male) |
| 13:43 | Create | Villager (Male) |
| 13:46 | Age | Castle Age |
| 13:54 | Build | Stable |
| 14:07 | Create | Villager (Male) |
| 14:07 | Create | Villager (Male) |
| 14:13 | Build | Castle |
| 14:38 | Create | Knight |
| 14:38 | Create | Knight |
| 14:52 | Create | Villager (Male) |
| 14:52 | Create | Villager (Male) |
| 15:09 | Build | Town Center |
| 15:16 | Build | Farm |
| 15:21 | Create | Knight |
| 15:34 | Create | Knight |
| 15:36 | Create | Villager (Male) |
| 15:36 | Create | Villager (Male) |
| 15:36 | Create | Villager (Male) |
| 15:46 | Create | Gbeto |
| 15:46 | Create | Gbeto |
| 15:57 | Build | Town Center |
| 15:59 | Create | Villager (Male) |
| 16:01 | Build | Farm |
| 16:23 | Create | Villager (Male) |
| 16:25 | Build | Siege Workshop |
| 16:30 | Create | Villager (Male) |
| 16:37 | Create | Villager (Male) |
| 16:49 | Create | Gbeto |
| 16:49 | Create | Gbeto |
| 16:58 | Build | Farm |
| 17:00 | Build | Farm |
| 17:00 | Build | Farm |
| 17:00 | Build | Farm |
| 17:01 | Build | Farm |
| 17:05 | Create | Villager (Male) |
| 17:05 | Create | Villager (Male) |
| 17:17 | Build | Outpost |
| 17:18 | Research | Town Watch |
| 17:22 | Create | Villager (Male) |
| 17:23 | Build | Farm |
| 17:27 | Create | Villager (Male) |
| 17:27 | Create | Villager (Male) |
| 17:32 | Create | Scorpion |
| 17:46 | Build | Farm |
| 17:47 | Create | Scorpion |
| 17:58 | Create | Villager (Male) |
Match timeline
| 8:30 | ilovebaskets · first_building Barracks |
| 10:07 | ilovebaskets · age_up feudal |
| 10:13 | ilovebaskets · first_building Archery Range |
| 10:18 | Trundle the Great · age_up feudal |
| 11:33 | ilovebaskets · wall_segment Palisade Wall x6 |
| 12:02 | Trundle the Great · first_building Barracks |
| 13:46 | Trundle the Great · age_up castle |
| 13:49 | ilovebaskets · age_up castle |
| 13:54 | Trundle the Great · first_building Stable |
| 14:13 | Trundle the Great · first_building Castle |
| 14:52 | ilovebaskets · first_building Castle |
| 15:07 | Trundle the Great · first_market_buy 100 stone |
| 16:25 | Trundle the Great · first_building Siege Workshop |
| 17:02 | ilovebaskets · first_market_buy 100 stone |
| 17:23 | ilovebaskets · first_market_sell 100 food |
| 20:19 | ilovebaskets · wall_segment Stone Wall x3 |
| 22:57 | ilovebaskets · first_building Stable |
| 25:06 | Trundle the Great · age_up imperial |
| 25:06 | ilovebaskets · wall_segment Stone Wall x1 |
| 25:46 | ilovebaskets · age_up imperial |
| 30:32 | ilovebaskets · wall_segment Stone Wall x1 |
| 30:34 | ilovebaskets · wall_segment Stone Wall x1 |
| 35:35 | Trundle the Great · resign |
[ AI ANALYSIS · 1 CREDIT ]
What really happened in this match?
Wolo.gg analyzes every decision: build order, eco, micro, common mistakes by bracket. Personalized analysis on WhatsApp or Discord in 30 seconds.
Civ guide
Japanese
Perfil
ilovebaskets